 Dungeon Crawl Stone Soup version 0.28.0 (webtiles) character file.

Game seed: 11122447180087143339

183 lordive the Caller (level 5, 0/28 HPs)
             Began as a Tengu Summoner on Feb 4, 2022.
             Slain by a centaur zombie (2 damage)
             ... in an ossuary.
             The game lasted 00:05:32 (3141 turns).

lordive the Caller (Tengu Summoner)                 Turns: 3141, Time: 00:05:33

Health: 0/28       AC:  2    Str:  8    XL:     5   Next: 62%
Magic:  2/10       EV: 15    Int: 18    God:
Gold:   160        SH:  0    Dex: 14    Spells: 3/9 levels left

rFire   . . .      SeeInvis .   d - +2 whip (venom)
rCold   . . .      Faith    .   (no shield)
rNeg    . . .      Spirit   .   a - +0 robe
rPois   .          Reflect  .   (helmet restricted)
rElec   .          Harm     .   (no cloak)
rCorr   .          Rampage  .   (no gloves)
Will    .....                   (boots unavailable)
Stlth   ++........              (no amulet)
HPRegen 0.09/turn               (no ring)
MPRegen 0.12/turn               (no ring)

@: flying quickly and evasively, quick
A: beak, talons 3, nimble flight
a: no special abilities


You were in an ossuary.
You visited 1 branch of the dungeon, and saw 4 of its levels.
You also visited: Ossuary.

You collected 160 gold pieces.

Inventory:

Hand Weapons
 d - a +2 whip of venom (weapon)
Armour
 a - a +0 robe (worn)
 l - a +0 leather armour
Jewellery
 g - a ring of resist corrosion
Scrolls
 b - a scroll of fog {unknown}
 c - a scroll of blinking {unknown}
 e - 3 scrolls of teleportation {unknown}
 h - a scroll of amnesia {unknown}
 j - a scroll of identify {unknown}
 k - a scroll of magic mapping {unknown}
Potions
 f - a potion of degeneration {unknown}
 i - 2 potions of brilliance {unknown}
 m - a potion of mutation {unknown}


   Skills:
 + Level 0.7 Fighting
 + Level 2.5 Dodging
 - Level 2.0 Stealth
 + Level 2.9 Spellcasting
 * Level 7.2 Summonings


You had 3 spell levels left.
You knew the following spells:

 Your Spells              Type           Power      Damage    Failure   Level
a - Summon Small Mammal   Summ           100%       N/A       1%          1
b - Call Imp              Summ           28%        N/A       1%          2
c - Call Canine Familiar  Summ           28%        N/A       2%          3

Your spell library contained the following spells:

 Spells                   Type           Power      Damage    Failure   Level
 Summon Guardian Golem    Hex/Summ       15%        N/A       11%         3
 Magic Dart               Conj           8%         1d3       17%         1
 Pain                     Necr           8%         1d4       17%         1
 Mephitic Cloud           Conj/Pois/Air  2%         N/A       45%         3
 Summon Lightning Spire   Summ/Air       15%        N/A       36%         4
 Agony                    Necr           2%         N/A       99%         5
 Excruciating Wounds      Necr           1%         N/A       99%         5


Dungeon Overview and Level Annotations

Branches:
Dungeon (4/15)            Ossuary (1/1)
 Temple: D:4-7

Altars:
Trog

Shops:
D:1 *


Innate Abilities, Weirdness & Mutations

You have a beak for a mouth.
You have claws for feet.
Your magical nature lets you fly swiftly and evasively.


Message History

Unknown command.
You swap places.
Your hound bites the mummy.
Your white imp gestures at the mummy.
The puff of frost hits the mummy.
The mummy resists.
Your quokka bites the mummy.
Your rat completely misses the mummy.
Your hound bites the mummy but does no damage.
There is a gate leading back out of this place here.
Unknown command.
Unknown command.
Unknown command.
Your quokka bites the mummy but does no damage.
Your white imp barely misses the mummy.
Your hound bites the mummy.
Your rat bites the mummy.
The mummy hits your rat!
Your rat dies!
Your rat's corpse disappears in a puff of smoke!
The mummy closely misses your white imp.
Unknown command.
The centaur zombie fails to trigger a net trap.
Your hound bites the mummy.
The mummy is destroyed!
Your quokka closely misses the mummy.
Your white imp hits the mummy but does no damage.
Your Summonings skill increases to level 7!
Your hound bites the mummy but does no damage.
Your quokka bites the mummy.
Your white imp hits the mummy but does no damage.
The mummy hits your white imp!
Your hound barely misses the mummy.
Unknown command.
The hobgoblin zombie fails to trigger a net trap.
Your hound barely misses the mummy.
Your white imp barely misses the mummy.
Your quokka bites the mummy.
The mummy barely misses you.
Your hound bites the mummy.
The mummy is destroyed!
Your white imp gestures at the mummy.
The puff of frost hits the mummy.
The mummy resists.
Your quokka completely misses the mummy.
Casting: Call Imp (safe; 1% risk of failure)
Confirm with . or Enter, or press ? or * to list all spells.
The centaur zombie closely misses you. The centaur zombie kicks you.
You die...

##.....##
.......#
#...^.#
#^.Z..#
#.....#
#..∩..#
#..5..#
#ZM∩..#
#@.r..#
#r.h..#
#.....#
#.....#
##...##
#####


You could see a mummy (ally target), a hobgoblin zombie, a centaur zombie (ally
target), a friendly hound (summoned), a friendly white imp (summoned) and 2
friendly quokkas.

Vanquished Creatures
  A frilled lizard (D:3)
1 creature vanquished.

Vanquished Creatures (collateral kills)
  A scorpion (D:3)
  A centaur zombie (Ossuary)
  2 mummies (Ossuary)
  3 adders (D:2)
  A worm (D:2)
  2 dart slugs
  An orc (D:3)
  4 ball pythons
  2 endoplasms
  A giant cockroach (D:2)
  5 goblins
  A hobgoblin (D:1)
  4 kobolds
  3 quokkas (D:1)
  3 frilled lizards
  3 rats
37 creatures vanquished.

Grand Total: 38 creatures vanquished

Notes
Turn   | Place    | Note
-------+----------+-------------------------------------------
     0 | D:1      | lordive the Tengu Summoner began the quest for the Orb.
     0 | D:1      | Reached XP level 1. HP: 10/10 MP: 4/4
   107 | D:1      | Reached skill level 5 in Summonings
   223 | D:1      | Reached XP level 2. HP: 15/15 MP: 3/6
   437 | D:1      | Learned a level 2 spell: Call Imp
   922 | D:1      | Found a faded altar of an unknown god.
  1007 | D:1      | Found Ryleg's General Store.
  1220 | D:2      | Reached XP level 3. HP: 14/19 MP: 0/7
  1993 | D:2      | Reached skill level 6 in Summonings
  2172 | D:2      | Learned a level 3 spell: Call Canine Familiar
  2202 | D:3      | Noticed a scorpion
  2214 | D:3      | Killed a scorpion
  2215 | D:3      | Reached XP level 4. HP: 19/24 MP: 1/9
  2474 | D:3      | Gained mutation: Your magical nature lets you fly swiftly
                  | and evasively. [Tengu growth]
  2474 | D:3      | Reached XP level 5. HP: 28/28 MP: 2/10
  2911 | D:3      | Found a bloodstained altar of Trog.
  3111 | D:4      | Found a sand-covered staircase.
  3121 | Ossuary  | Entered an ossuary
  3133 | Ossuary  | HP: 1/28 [mummy (3)]
  3138 | Ossuary  | Reached skill level 7 in Summonings
  3141 | Ossuary  | Slain by a centaur zombie

Illustrated notes

Levels and vault maps discovered:
D:1:      ncdulo_lavacross, layout_basic, serial_shops, shop,
          chequers_ecumenical_altar_simple_redux
D:2:      layout_loops_cross, nicolae_figureground_pulse
D:3:      layout_rooms, mainiacjoe_overflow_surrounded_room, serial_curves,
          eino_curves_01, eino_curves_02, eino_curves_01, eino_curves_04,
          serial_bayou_crossing
D:4:      layout_basic, minmay_temple_entry_overgrown,
          lightli_ossuary_entry_decrepit_ruins, minivault_23
Ossuary:  ossuary_the_hunt_dpeg

Skill      XL: |  1  2  3  4  5 |
---------------+----------------+-----
Summonings     | 5 6 7 |  7.2
Fighting       | |  0.7
Dodging        | |  2.5
Stealth        | |  2.0
Spellcasting   | |  2.9

Action                   |  1- 3 |  4- 6 || total
-------------------------+-------+-------++-------
Melee: Whip              |     4 |     9 ||    13
       Peck              |     1 |     1 ||     2
       Kick              |       |     2 ||     2
 Cast: Summon Small Mamm |    42 |    11 ||    53
       Call Imp          |     9 |     6 ||    15
       Call Canine Famil |     1 |     5 ||     6
Armor: Robe              |     8 |       ||     8
Dodge: Dodged            |    47 |    16 ||    63
